 Dungeon Crawl Stone Soup version 0.18.1-50-g88ac8fd (webtiles) character file.

98 rlgrobin the Insei (level 4, 0/35 HPs)
             Began as a Mummy Monk on Nov 26, 2016.
             Slain by a vampire bat (3 damage)
             ... on level 2 of the Dungeon.
             The game lasted 00:02:46 (2968 turns).

rlgrobin the Insei (Mummy Monk)                     Turns: 2968, Time: 00:02:47

Health: 0/35       AC:  0    Str: 14    XL:     4   Next: 43%
Magic:  4/4        EV: 13    Int:  9    God:
Gold:   107        SH:  0    Dex: 15    Spells: 0 memorised, 3 levels left

rFire  x . .     SeeInvis .       - Unarmed
rCold  + . .     Gourm    .     (no armour)
rNeg   + + +     Faith    .     (no shield)
rPois  ∞         Spirit   .     (no helmet)
rElec  .         Dismiss  .     (no cloak)
rCorr  .         Reflect  .     (no gloves)
SustAt .         Harm     .     (no boots)
MR     .....                    (no amulet)
Stlth  ++........               (no ring)
                                (no ring)

@: not resistant to hostile enchantments, unstealthy
A: no food or potions, fire vulnerability, cold resistance 1, negative energy
resistance 3, torment resistance, unbreathing
a: no special abilities


You were on level 2 of the Dungeon.
You were not hungry.

You visited 1 branch of the dungeon, and saw 2 of its levels.

You collected 107 gold pieces.


Innate Abilities, Weirdness & Mutations

You do not eat or drink.
Your flesh is vulnerable to fire.
You are immune to poison.
Your flesh is cold resistant.
You are immune to negative energy.
You are immune to unholy pain and torment.
You can survive without breathing.


   Skills:
 - Level 3.0 Fighting
 - Level 2.4 Dodging
 - Level 1.5 Stealth
 + Level 4.9 Unarmed Combat


You had 3 spell levels left.
You didn't know any spells.

Inventory:

Scrolls
 a - 4 scrolls of identify {unknown}
 b - 2 scrolls of enchant armour {unknown}
 c - 3 scrolls of remove curse {unknown}
 d - a scroll of magic mapping {unknown}
 e - a scroll of fear {unknown}

Dungeon Overview and Level Annotations

Branches:
Dungeon (2/15)

Altars:
Kikubaaqudgha

..▒ ▒.....▒.▒ ▒▒▒▒▒▒▒▒..▒
▒▒▒ ▒.....▒.▒ ▒..▒ ▒
▒.....▒.▒ ▒..▒ ▒
▒▒...▒▒.▒▒▒▒▒▒▒▒▒▒..▒▒▒▒▒▒▒▒
▒
▒..▒...▒............▒▒......
▒▒▒▒
▒....▒▒.▒.▒▒▒.▒▒▒▒▒..▒.▒▒▒▒▒
...▒ ▒.▒.......▒
▒.▒....!.......▒ ▒▒.▒
▒.▒.▒▒▒.▒.▒▒▒.▒.▒▒▒...▒.▒▒.▒
▒.▒
▒.▒.▒▒...bbM).......▒.▒▒>▒.▒
▒.▒
▒▒▒▒▒▒'÷'▒▒▒▒▒..▒▒▒...▒..▒..
▒.▒ ▒▒.....▒▒ ▒▒▒▒
▒▒.▒.▒.▒▒▒ ▒.▒ ▒▒.⌠.▒.⌠b▒▒
..▒.▒.▒ ▒ ▒.▒ ▒.▒.▒.▒.▒.▒
▒▒▒▒.▒.▒▒▒ ▒.▒
▒..▒.⌠.▒..▒▒▒▒ ▒...... ▒▒.▒
▒.▒.▒.▒.▒.▒▒.▒▒ ▒▒▒.▒▒▒ ...▒
▒▒.⌠.▒.⌠b▒▒▒▒.▒▒ ▒.▒ ▒▒▒▒▒▒
▒.▒.▒.▒.▒.▒▒▒▒.▒▒▒▒▒ ▒.▒


You could see 2 vampire bats.


Message History

The vampire bat barely misses you! x2
The vampire bat bites you!
You take 1 damage, and have 24/35 hp!
The vampire bat bites you!
You take 3 damage, and have 21/35 hp!
The vampire bat bites you! x2 * * * don't die
* * * You take 4 damage, and have 17/35 hp!
The vampire bat closely misses you! The vampire bat barely misses you!
The vampire bat bites you! * * * don't die
* * *
There is an open gate here!
You take 1 damage, and have 16/35 hp!
The vampire bat barely misses you!
The vampire bat bites you! * * * don't die
* * * You take 3 damage, and have 13/35 hp!
The vampire bat bites you! * * * don't die
* * * The vampire bat bites you! * * * don't die
* * * The vampire bat bites you! * * * don't die
* * * You take 6 damage, and have 7/35 hp!
The vampire bat bites you! * * * don't die
* * * The vampire bat bites you! * * * don't die
* * * You take 4 damage, and have 3/35 hp!
You barely miss the vampire bat! The vampire bat bites you! rip

Action                   |  1- 3 |  4- 6 || total
-------------------------+-------+-------++-------
Melee: Unarmed           |   167 |    54 ||   221
       Punch             |     2 |       ||     2
 Stab: Sleeping          |     4 |       ||     4
Dodge: Dodged            |   116 |    76 ||   192

Vault maps used:
D:1:      erik_arrival_cave_to_civilisation, kennysheep_another_room
D:2:      kennysheep_vampire_church, first_bread, ecumenical_altar_2

Notes
Turn   | Place    | Note
--------------------------------------------------------------
     0 | D:1      | rlgrobin the Mummy Monk began the quest for the Orb.
     0 | D:1      | Reached XP level 1. HP: 18/18 MP: 1/1
   285 | D:1      | Reached XP level 2. HP: 24/24 MP: 2/2
   952 | D:1      | Reached skill level 4 in Unarmed Combat
  1059 | D:1      | Reached XP level 3. HP: 29/29 MP: 3/3
  2229 | D:2      | Reached XP level 4. HP: 27/35 MP: 4/4
  2505 | D:2      | Found a faded altar to an unknown god.
  2953 | D:2      | Found an ancient bone altar of Kikubaaqudgha.
  2967 | D:2      | HP: 3/35 [vampire bat (3)]
  2968 | D:2      | Slain by a vampire bat

Vanquished Creatures
  3 adders (D:2)
  A worm (D:2)
  A dart slug (D:2)
  2 giant geckos
  7 bats
  2 bat skeletons (D:2)
  4 bat zombies (D:2)
  A giant cockroach (D:1)
  8 goblins
  8 hobgoblins
  2 jackals (D:2)
  6 kobolds
  A quokka (D:2)
  7 giant newts
  2 rats (D:2)
55 creatures vanquished.
